PIO (24 & UNDER)
SEATTLE RAINIERS @ SALEM SLEDGEHAMMERS
09/16/2025
 
TOP OF THE 1ST
Seattle Rainiers batting - Pitching for Salem Sledgehammers : RHP Carlos Morán
Pitching: RHP Carlos Morán
Batting: RHB Enrique Mendoza 0-0: Ball
1-0: Ball
2-0: Ball
3-0: Base on Balls
Batting: RHB Robert Marks 0-0: Foul Ball, location: 2F
0-1: Ball
Enrique Mendoza is caught stealing 2nd base
1-1: Ball
2-1: SINGLE (Groundball, 56D)
Batting: RHB Jeremiah Soto 0-0: Ball
1-0: Grounds into double play, 5-4-3 (Groundball, 5L)
Top of the 1st over - 0 run(s), 1 hit(s), 0 error(s), 0 left on base; Seattle 0 - Salem 0
BOTTOM OF THE 1ST
Salem Sledgehammers batting - Pitching for Seattle Rainiers : RHP Rafael López
Pitching: RHP Rafael López
Batting: RHB José García 0-0: Ball
1-0: Called Strike
1-1: Foul Ball, location: 2F
1-2: Ball
2-2: Foul Ball, location: 2F
2-2: SINGLE (Groundball, 4M)
Batting: SHB Enrique Uribe 0-0: Ball
José García is caught stealing 2nd base
1-0: Ground out 6-3 (Groundball, 6M)
Batting: RHB Terry Perkins 0-0: Ball
1-0: Ball
2-0: Swinging Strike
2-1: Ball
3-1: Foul Ball, location: 2F
3-2: Foul Ball, location: 2F
3-2: Fly out, F8 (Flyball, 8LM)
Bottom of the 1st over - 0 run(s), 1 hit(s), 0 error(s), 0 left on base; Seattle 0 - Salem 0
TOP OF THE 2ND
Seattle Rainiers batting - Pitching for Salem Sledgehammers : RHP Carlos Morán
Batting: RHB Roberto Pérez 0-0: SINGLE (Groundball, 6MD)
Batting: RHB Alfredo Farías 0-0: Ball
1-0: Fly out, F9 (Flyball, 89M)
Batting: RHB Rich Crabtree 0-0: Called Strike
0-1: Ball
1-1: Foul Ball, location: 2F
1-2: Ball
2-2: DOUBLE (Groundball, 5L)
Roberto Pérez to third
Runner from 3rd tries for Home, throw and OUT!
Batting: SHB Nick Cox 0-0: Ball
1-0: Ball
2-0: Ball
3-0: Called Strike
3-1: Base on Balls
Batting: RHB Tony Hernández 0-0: Ground out 4-3 (Groundball, 4)
Top of the 2nd over - 0 run(s), 2 hit(s), 0 error(s), 2 left on base; Seattle 0 - Salem 0
BOTTOM OF THE 2ND
Salem Sledgehammers batting - Pitching for Seattle Rainiers : RHP Rafael López
Batting: LHB Nathan Frey 0-0: Ball
1-0: Ball
2-0: Foul Ball, location: 2F
2-1: Ball
3-1: Ground out 1-3 (Groundball, 13)
Batting: RHB Robert Stevens 0-0: Ball
1-0: SINGLE (Groundball, 4M)
Batting: LHB Caleb Hall 0-0: Called Strike
0-1: Swinging Strike
0-2: Ball
1-2: Ball
2-2: Strikes out swinging
Batting: RHB Patrick Daniels 0-0: Swinging Strike
0-1: Ground out 1-3 (Groundball, 25)
Bottom of the 2nd over - 0 run(s), 1 hit(s), 0 error(s), 1 left on base; Seattle 0 - Salem 0
TOP OF THE 3RD
Seattle Rainiers batting - Pitching for Salem Sledgehammers : RHP Carlos Morán
Batting: LHB Miguel García 0-0: Ball
1-0: Ball
2-0: Foul Ball, location: 2F
2-1: Swinging Strike
2-2: Foul Ball, location: 2F
2-2: Strikes out swinging
Batting: RHB Enrique Mendoza 0-0: Swinging Strike
0-1: Ball
1-1: Fly out, F7 (Flyball, 7M)
Batting: RHB Robert Marks 0-0: Fly out, F7 (Flyball, 78XD)
Top of the 3rd over - 0 run(s), 0 hit(s), 0 error(s), 0 left on base; Seattle 0 - Salem 0
BOTTOM OF THE 3RD
Salem Sledgehammers batting - Pitching for Seattle Rainiers : RHP Rafael López
Batting: RHB Miguel González 0-0: Fly out, F8 (Flyball, 8RS)
Batting: RHB José Vidal 0-0: SINGLE (Line Drive, 89S)
Batting: RHB José García 0-0: Ball
1-0: Foul Ball, location: 2F
1-1: Called Strike
1-2: Ball
2-2: Strikes out looking
Batting: SHB Enrique Uribe 0-0: Ball
1-0: Fly out, F7 (Line Drive, 7M)
Bottom of the 3rd over - 0 run(s), 1 hit(s), 0 error(s), 1 left on base; Seattle 0 - Salem 0
TOP OF THE 4TH
Seattle Rainiers batting - Pitching for Salem Sledgehammers : RHP Carlos Morán
Batting: RHB Jeremiah Soto 0-0: Called Strike
0-1: Ball
1-1: Ball
2-1: Ball
3-1: Ground out 5-3 (Groundball, 5L)
Batting: RHB Roberto Pérez 0-0: Reached on error, E5 (Groundball, 5S)
Batting: RHB Alfredo Farías 0-0: Foul Ball, location: 2F
0-1: Called Strike
0-2: Ball
1-2: Foul Ball, location: 2F
1-2: Ball
2-2: Fly out, F7 (Flyball, 7M)
Batting: RHB Rich Crabtree 0-0: Ball
1-0: Called Strike
1-1: Ball
2-1: Foul Ball, location: 2F
2-2: Reached on error, E4 (Groundball, 34)
Roberto Pérez to third
Batting: SHB Nick Cox 0-0: Swinging Strike
0-1: Foul Ball, location: 2F
0-2: Ball
1-2: Ball
2-2: Ball
3-2: Foul Ball, location: 2F
3-2: Foul Ball, location: 2F
3-2: Ground out 6-3 (Groundball, 6)
Top of the 4th over - 0 run(s), 0 hit(s), 2 error(s), 2 left on base; Seattle 0 - Salem 0
BOTTOM OF THE 4TH
Salem Sledgehammers batting - Pitching for Seattle Rainiers : RHP Rafael López
Batting: RHB Terry Perkins 0-0: Ground out 6-3 (Groundball, 6M)
Batting: LHB Nathan Frey 0-0: Hit by Pitch
Batting: RHB Robert Stevens 0-0: Ball
1-0: Ball
2-0: Ball
3-0: Called Strike
3-1: Foul Ball, location: 2F
3-2: Base on Balls
Nathan Frey to second
Batting: LHB Caleb Hall 0-0: Ball
1-0: Swinging Strike
1-1: Swinging Strike
1-2: Ball
2-2: Ball
3-2: Base on Balls
Nathan Frey to third
Robert Stevens to second
Batting: RHB Patrick Daniels 0-0: Ball
1-0: Called Strike
1-1: Ball
2-1: Foul Ball, location: 2F
2-2: SINGLE (Groundball, 56D)
Nathan Frey scores
Robert Stevens to third
Caleb Hall to second
Runner from 3rd tries for Home, SAFE, no throw or cutoff
Batting: RHB Miguel González 0-0: Fielders Choice at 2nd, 5-4 (Groundball, 56)
Caleb Hall to third
Batting: RHB José Vidal 0-0: Ball
1-0: Called Strike
1-1: Foul Ball, location: 2F
1-2: Ball
2-2: Ball
3-2: DOUBLE (Flyball, 9LS)
Caleb Hall scores
Miguel González to third
Miguel González scores
Batting: RHB José García 0-0: Ball
1-0: Ball
2-0: Ball
3-0: Called Strike
3-1: Swinging Strike
3-2: Strikes out swinging
Bottom of the 4th over - 4 run(s), 2 hit(s), 0 error(s), 1 left on base; Seattle 0 - Salem 4
TOP OF THE 5TH
Seattle Rainiers batting - Pitching for Salem Sledgehammers : RHP Carlos Morán
Batting: RHB Tony Hernández 0-0: Ball
1-0: Foul Ball, location: 2F
1-1: Swinging Strike
1-2: Ball
2-2: SINGLE (Groundball, 6MD) (infield hit)
Batting: LHB Miguel García 0-0: Fly out, F8 (Flyball, 8RM)
Batting: RHB Enrique Mendoza 0-0: Ball
1-0: Swinging Strike
1-1: Ball
2-1: Ball
3-1: Grounds into double play, 4-6-3 (Groundball, 4)
Top of the 5th over - 0 run(s), 1 hit(s), 0 error(s), 0 left on base; Seattle 0 - Salem 4
BOTTOM OF THE 5TH
Salem Sledgehammers batting - Pitching for Seattle Rainiers : RHP Rafael López
Batting: SHB Enrique Uribe 0-0: Ground out 5-3 (Groundball, 5)
Batting: RHB Terry Perkins 0-0: Foul Ball, location: 2F
0-1: SINGLE (Groundball, 6)
Batting: LHB Nathan Frey 0-0: Swinging Strike
0-1: Foul Ball, location: 2F
0-2: Ball
1-2: Strikes out swinging
Batting: RHB Robert Stevens 0-0: DOUBLE (Line Drive, 7LM)
Terry Perkins to third
Batting: LHB Caleb Hall 0-0: Intentional Walk
Batting: RHB Patrick Daniels 0-0: Ball
1-0: Foul Ball, location: 2F
1-1: Ground out 6-3 (Groundball, 6)
Bottom of the 5th over - 0 run(s), 2 hit(s), 0 error(s), 3 left on base; Seattle 0 - Salem 4
TOP OF THE 6TH
Seattle Rainiers batting - Pitching for Salem Sledgehammers : RHP Carlos Morán
Batting: RHB Robert Marks 0-0: Ball
1-0: Foul Ball, location: 2F
1-1: SINGLE (Groundball, 4MD)
Batting: RHB Jeremiah Soto 0-0: Ball
1-0: Ball
2-0: Called Strike
2-1: SINGLE (Groundball, 34S)
Robert Marks to second
Runner from 2nd tries for 3rd, OUT!
Batting: RHB Roberto Pérez 0-0: Ball
1-0: Called Strike
Jeremiah Soto steals 2nd base
1-1: Swinging Strike
1-2: Strikes out swinging
Batting: RHB Alfredo Farías 0-0: Foul Ball, location: 2F
0-1: Called Strike
0-2: Strikes out swinging
Top of the 6th over - 0 run(s), 2 hit(s), 0 error(s), 1 left on base; Seattle 0 - Salem 4
BOTTOM OF THE 6TH
Salem Sledgehammers batting - Pitching for Seattle Rainiers : RHP Rafael López
Pitching: RHP Jeff Alexander
Batting: RHB Miguel González 0-0: Ball
1-0: Swinging Strike
1-1: Ball
2-1: Foul Ball, location: 2F
2-2: Ball
3-2: Strikes out looking
Batting: RHB José Vidal 0-0: Called Strike
0-1: Ball
1-1: SINGLE (Line Drive, 9S)
Batting: RHB José García 0-0: Swinging Strike
0-1: Ball
1-1: Ball
2-1: Grounds into double play, 1-4-3 (Groundball, 15)
Bottom of the 6th over - 0 run(s), 1 hit(s), 0 error(s), 0 left on base; Seattle 0 - Salem 4
TOP OF THE 7TH
Seattle Rainiers batting - Pitching for Salem Sledgehammers : RHP Carlos Morán
Batting: RHB Rich Crabtree 0-0: Swinging Strike
0-1: Ball
1-1: Ball
2-1: Ground out 4-3 (Groundball, 4)
Pitching: RHP Josh Young
Batting: SHB Nick Cox 0-0: Called Strike
0-1: Ball
1-1: Ball
2-1: Ball
3-1: Base on Balls
Batting: RHB Tony Hernández 0-0: Called Strike
0-1: Called Strike
0-2: Strikes out swinging
Batting: LHB Miguel García 0-0: Swinging Strike
0-1: Ball
1-1: Ball
2-1: Ball
3-1: Ground out 4-3 (Groundball, 4)
Top of the 7th over - 0 run(s), 0 hit(s), 0 error(s), 1 left on base; Seattle 0 - Salem 4
BOTTOM OF THE 7TH
Salem Sledgehammers batting - Pitching for Seattle Rainiers : RHP Jeff Alexander
Batting: SHB Enrique Uribe 0-0: Ball
1-0: DOUBLE (Groundball, 5L)
Batting: RHB Terry Perkins 0-0: Ball
1-0: Foul Ball, location: 2F
1-1: Ball
2-1: Foul Ball, location: 2F
2-2: Strikes out swinging
Batting: LHB Nathan Frey 0-0: Intentional Walk
Batting: RHB Robert Stevens 0-0: Called Strike
0-1: Foul Ball, location: 2F
Balk!
Enrique Uribe to third
Nathan Frey to second
0-2: Ground out 5-3 (Groundball, 56S)
Enrique Uribe scores
Nathan Frey to third
Batting: LHB Caleb Hall 0-0: Intentional Walk
Pitching: RHP Brandon Sweet
Batting: RHB Patrick Daniels 0-0: Called Strike
0-1: Ball
1-1: Foul Ball, location: 2F
1-2: Ball
2-2: Ball
3-2: Strikes out swinging
Bottom of the 7th over - 1 run(s), 1 hit(s), 0 error(s), 2 left on base; Seattle 0 - Salem 5
TOP OF THE 8TH
Seattle Rainiers batting - Pitching for Salem Sledgehammers : RHP Josh Young
Now in RF: Bartolo Ruíz
Batting: RHB Enrique Mendoza 0-0: Ball
1-0: Ball
2-0: Called Strike
2-1: Ground out 6-3 (Groundball, 6)
Batting: RHB Robert Marks 0-0: Ball
1-0: Called Strike
1-1: Called Strike
1-2: Ball
2-2: Ball
3-2: Base on Balls
Batting: RHB Jeremiah Soto 0-0: Called Strike
0-1: Ball
1-1: Foul Ball, location: 2F
1-2: Strikes out swinging
Batting: RHB Roberto Pérez 0-0: Ball
1-0: Ball
2-0: Called Strike
2-1: Fly out, F8 (Flyball, 8LM)
Top of the 8th over - 0 run(s), 0 hit(s), 0 error(s), 1 left on base; Seattle 0 - Salem 5
BOTTOM OF THE 8TH
Salem Sledgehammers batting - Pitching for Seattle Rainiers : RHP Brandon Sweet
Batting: RHB Miguel González 0-0: Called Strike
0-1: Ball
1-1: Swinging Strike
1-2: Strikes out looking
Batting: RHB José Vidal 0-0: Called Strike
0-1: Ball
1-1: Ball
2-1: Swinging Strike
2-2: Foul Ball, location: 2F
2-2: Strikes out swinging
Batting: RHB José García 0-0: Ball
1-0: Foul Ball, location: 2F
1-1: Hit by Pitch
Batting: RHB Bartolo Ruíz 0-0: Ball
José García is caught stealing 2nd base
Bottom of the 8th over - 0 run(s), 0 hit(s), 0 error(s), 0 left on base; Seattle 0 - Salem 5
TOP OF THE 9TH
Seattle Rainiers batting - Pitching for Salem Sledgehammers : RHP Josh Young
Batting: RHB Alfredo Farías 0-0: Swinging Strike
0-1: Called Strike
0-2: Strikes out swinging
Batting: RHB Rich Crabtree 0-0: Ball
1-0: Ball
2-0: Swinging Strike
2-1: Ground out 6-3 (Groundball, 6M)
Batting: SHB Nick Cox 0-0: Called Strike
0-1: Ball
1-1: Ball
2-1: Foul Ball, location: 2F
2-2: Fly out, F8 (Flyball, 8LD)
Top of the 9th over - 0 run(s), 0 hit(s), 0 error(s), 0 left on base; Seattle 0 - Salem 5
This league is powered by Out of the Park Baseball, the baseball management simulation game for PC, Mac and Linux
Tuesday, August 2nd, 2016 - OOTP Baseball 16.8 Build 38